Map: Curious Minds LE

Players

Lapis - Winner!

  • Race: Terran Terran
  • Spawn Location: 11:00

VOD

Have the link to the VOD?

Description

Time

  • Played on: June 11, 2022, 8:16 a.m.
  • Length: 30:31
Show
View Real Time Build Order
Export as new Build Order

Lapis Terran - Winner!

Build Orders:  

Get SALT Encoding   

  12  0:00  SCV  
  13  0:17  SCV  
  14  0:26  Supply Depot  
  14  0:34  SCV  
  15  0:56  SCV  
  16  1:13  SCV  
  17  1:25  Command Center  
  17  1:30  SCV  
  18  1:47  Barracks  
  18  1:50  SCV  
  19  2:07  Supply Depot  
  19  2:16  SCV, Supply Depot  
  20  2:32  SCV  
  20  2:33  Refinery  
  21  2:49  SCV  
  22  2:50  Engineering Bay  
  22  3:12  SCV  
  22  3:13  Refinery  
  22  3:18  Refinery  
  22  3:19  SCV  
  24  3:23  Marine  
  24  3:29  SCV  
  26  3:36  SCV  
  26  3:38  Supply Depot  
  27  3:50  Marine  
  27  3:55  Refinery  
  27  3:56  Terran Infantry Weapons Level 1  
  28  4:03  SCV  
  29  4:11  Supply Depot  
  29  4:15  SCV, Marine  
  31  4:32  SCV  
  31  4:38  Barracks  
  32  4:40  Marine  
  32  4:49  SCV  
  34  5:00  Barracks  
  34  5:02  SCV  
  34  5:07  Engineering Bay  
  34  5:08  Barracks Tech Lab  
  35  5:19  SCV  
  36  5:30  Orbital Command  
  36  5:36  SCV  
  36  5:37  Marine  
  38  5:53  SCV  
  38  5:58  Bunker  
  38  5:59  Marine  
  40  6:02  Marine  
  40  6:04  Terran Infantry Armor Level 1  
  38  6:10  SCV, Unknown  
  41  6:17  Barracks Tech Lab  
  42  6:28  Barracks Tech Lab  
  42  6:31  Marine, Stimpack  
  42  6:37  Planetary Fortress  
  43  6:56  Marine x3  
  43  6:59  Concussive Shells  
  46  7:21  Barracks, Marine x3  
  46  7:29  SCV  
  50  7:34  Supply Depot  
  50  7:41  SCV  
  51  7:57  Factory  
  51  7:58  SCV  
  52  8:05  Supply Depot  
  52  8:08  Marauder x2  
  56  8:15  SCV  
  57  8:30  Barracks  
  57  8:41  Supply Depot  
  57  8:42  Marauder x2  
  57  8:43  Marauder  
  57  8:48  Barracks Tech Lab  
  63  9:01  Factory Tech Lab  
  63  9:02  Factory  
  63  9:12  Marauder  
  65  9:25  Marine  
  65  9:26  Marine  
  65  9:27  Command Center  
  67  9:41  Armory  
  67  9:49  Armory  
  67  9:51  Barracks Tech Lab  
  67  9:55  Marine x2  
  69  10:01  SCV  
  69  10:04  Structure Armor  
  70  10:17  Factory Tech Lab  
  70  10:18  SCV  
  70  10:19  Siege Tank  
  74  10:29  Marine x3  
  77  10:46  Marine x2  
  79  10:51  Siege Tank  
  79  10:54  Marine x3  
  85  11:00  Terran Infantry Weapons Level 2  
  85  11:06  SCV  
  86  11:14  Refinery  
  86  11:20  Marine x2  
  86  11:23  SCV  
  89  11:30  Siege Tank  
  92  11:48  Marine x3  
  92  11:49  Marine  
  96  11:50  Refinery  
  96  11:57  Marine  
  78  12:13  Marine x2  
  73  12:30  SCV  
  73  12:32  Planetary Fortress  
  73  12:35  Marine  
  73  12:36  Marine x2  
  73  12:38  Marine x2  
  79  12:41  Siege Tank x2  
  85  12:59  SCV  
  86  13:00  Marine  
  86  13:01  Marine x2  
  86  13:03  Marine x2  
  91  13:10  Terran Infantry Armor Level 2  
  91  13:15  Terran Vehicle And Ship Armor Level 1  
  91  13:16  SCV  
  91  13:18  Terran Vehicle Weapons Level 1  
  92  13:25  Marauder  
  92  13:27  Marauder  
  96  13:44  Starport  
  96  14:00  Marauder  
  96  14:01  Marauder x3  
  96  14:04  SCV  
  105  14:10  Starport  
  105  14:15  Marauder  
  107  14:27  Siege Tank x2  
  113  14:30  Marauder, Hi-Sec Auto Tracking  
  115  14:41  Starport Tech Lab  
  115  14:48  SCV  
  116  14:50  Fusion Core  
  116  15:05  SCV  
  117  15:17  Starport Tech Lab  
  117  15:22  SCV  
  117  15:28  Bunker  
  118  15:32  Missile Turret  
  118  15:38  SCV  
  118  15:39  SCV  
  120  15:43  Missile Turret  
  120  15:48  Marauder x4  
  128  15:51  Siege Tank x2  
  128  15:56  SCV  
  135  16:01  Missile Turret  
  135  16:11  Command Center  
  135  16:19  Missile Turret  
  133  17:10  Sensor Tower  
  133  17:16  Terran Vehicle Weapons Level 2  
  133  17:18  Terran Vehicle And Ship Armor Level 2  
  133  17:19  Terran Infantry Weapons Level 3  
  133  17:22  Terran Infantry Armor Level 3  
  133  17:34  Drilling Claws  
  133  17:38  Siege Tank x2  
  139  17:41  Marine x2  
  141  17:51  Marine x3  
  144  18:06  Marine x2  
  146  18:21  Marine  
  146  18:22  Marine x2  
  146  18:26  Siege Tank x2  
  155  18:31  Marine  
  156  18:43  Marine  
  111  19:11  Siege Tank  
  111  19:16  Unknown  
  114  19:22  Command Center  
  114  19:25  Planetary Fortress  
  114  19:29  Refinery  
  114  19:46  Siege Tank x4  
  114  20:01  Marine  
  114  20:02  Marine x4  
  114  20:05  Siege Tank x6, Refinery  
  114  20:06  Siege Tank x5  
  125  20:17  Missile Turret  
  125  20:22  SCV  
  125  20:26  Marine, Terran Ship Weapons Level 1  
  127  20:36  Marauder x2, Marine x2  
  127  20:38  SCV  
  134  20:46  Missile Turret  
  134  20:50  Siege Tank  
  134  20:51  Siege Tank  
  134  20:55  SCV  
  141  21:02  Marauder x3  
  141  21:06  Marauder, Marine  
  150  21:31  Marine  
  150  21:32  Marauder, Marine x2  
  150  21:36  Marine  
  150  21:39  Unknown  
  156  21:55  Siege Tank x10  
  147  22:19  Siege Tank  
  141  22:29  Marine x4  
  132  22:30  Marine  
  128  22:46  Siege Tank x9  
  117  23:10  Marine  
  117  23:11  Marine x4  
  119  23:22  SCV  
  119  23:28  Command Center  
  120  23:35  Marine x2  
  120  23:36  Siege Tank x3, Marine x3  
  120  23:39  SCV  
  126  23:44  Siege Tank x9  
  122  23:56  SCV  
  115  24:00  Marine  
  116  24:13  SCV  
  114  25:05  Battlecruiser x2  
  126  25:12  SCV  
  127  25:29  SCV  
  128  25:46  SCV  
  129  25:57  Siege Tank x3  
  129  25:58  Siege Tank  
  129  26:04  Siege Tank x5  
  127  26:26  Siege Tank x4  
  127  26:35  Battlecruiser x2, Marine x4  
  127  26:36  Marine  
  144  26:43  Siege Tank x4  
  144  27:00  Marine x4  
  144  27:01  Marine  
  149  27:25  Marine x2  
  151  27:49  Marine x2  
  168  27:50  Marine x3  
  156  28:04  Siege Tank  
  156  28:05  Siege Tank x4  
  156  28:24  Siege Tank x4  
  156  29:10  Siege Tank x3  
  156  29:11  Siege Tank x4  
  156  29:12  Siege Tank  
Tags
 
Add a new tag
Caveats
  • Supply blocks, unpowered buildings, or Contaminate may cause inaccurate times.
  • Supply counts are checked every 10 seconds.